 Dungeon Crawl Stone Soup version 0.29-a0-322-g68df515428 (webtiles) character file.

Game seed: 15207905015623281005

60 zishaf the Conjurer (level 3, 0/30 HPs)
             Began as a Draconian Conjurer on Apr 5, 2022.
             Slain by a polar bear (3 damage)
             ... created by the rage of Trog
             ... on level 2 of the Dungeon.
             The game lasted 00:02:48 (2083 turns).

zishaf the Conjurer (Draconian Conjurer)            Turns: 2083, Time: 00:02:49

Health: 0/30       AC:  6    Str:  9    XL:     3   Next: 80%
Magic:  5/6        EV: 12    Int: 20    God:
Gold:   45         SH:  0    Dex:  9    Spells: 4/7 levels left

rFire   . . .      SeeInvis .   d - +0 spear
rCold   . . .      Faith    .   (no shield)
rNeg    . . .      Spirit   .   (body armour unavailable)
rPois   .          Reflect  .   (helmet restricted)
rElec   .          Harm     .   (no cloak)
rCorr   .          Rampage  .   (no gloves)
Will    .....                   f - +0 pair of boots
Stlth   ++........              (no amulet)
HPRegen 0.10/turn               (no ring)
MPRegen 0.10/turn               (no ring)

@: no status effects
A: AC +5, unfitting armour, cold-blooded
a: no special abilities


You were on level 2 of the Dungeon.
You visited 1 branch of the dungeon, and saw 2 of its levels.

You collected 45 gold pieces.

Inventory:

Hand Weapons
 d - a +0 spear (weapon)
Armour
 f - a +0 pair of boots (worn)
Magical Staves
 h - a staff of air
Scrolls
 b - 3 scrolls of identify {unknown}
 c - 2 scrolls of teleportation {unknown}
 i - a scroll of fog {unknown}
Potions
 a - a potion of magic
 e - a potion of lignification {unknown}
 g - a potion of resistance {unknown}
 j - a potion of heal wounds {unknown}
 k - a potion of haste {unknown}


   Skills:
 + Level 2.5 Fighting
 - Level 1.7 Dodging
 - Level 1.7 Stealth
 - Level 2.6 Spellcasting
 - Level 4.4 Conjurations


You had 4 spell levels left.
You knew the following spells:

 Your Spells              Type           Power      Damage    Failure   Level
a - Magic Dart            Conj           80%        1d7       2%          1
b - Searing Ray           Conj           40%        2d5       3%          2

Your spell library contained the following spells:

 Spells                   Type           Power      Damage    Failure   Level
 Dazzling Flash           Conj/Hex       22%        N/A       19%         3
 Fulminant Prism          Conj/Hex       5%         3d7       52%         4
 Iskenderun's Mystic Bla  Conj/Tloc      11%        2d4       52%         4
 Summon Forest            Summ/Tloc      1%         N/A       99%         5
 Summon Mana Viper        Hex/Summ       2%         N/A       99%         5
 Summon Cactus Giant      Summ           1%         N/A       100%        6


Dungeon Overview and Level Annotations

Branches:
Dungeon (2/15)

Altars:
Trog


Innate Abilities, Weirdness & Mutations

Your plain brown scales are hard. (AC +5)
You cannot fit into any form of body armour.
You are cold-blooded and may be slowed by cold attacks.


Message History

Press: ? - help, Shift-Dir - straight line, f/p - worm
Aim: a worm (severely wounded, 100% to hit)
The magic dart hits the worm.
You kill the worm!
Casting: Magic Dart (safe; 2% risk of failure)
Confirm with . or Enter, or press ? or * to list all spells.
You can't see any susceptible monsters within range! (Use Z to cast anyway.)
An adder comes into view.
The adder moves out of view.
You see here a +0 club.
You see here a worm corpse.
You now have 45 gold pieces (gained 4).
A rat comes into view.
A quokka comes into view.
Casting: Magic Dart (safe; 2% risk of failure)
Confirm with . or Enter, or press ? or * to list all spells.
Aiming: Magic Dart (safe; 2% risk of failure)
Press: ? - help, Shift-Dir - straight line, f - rat
Aim: a rat (100% to hit)
The magic dart hits the rat.
You kill the rat!
Trog sends monsters to punish you. 2 black bears and 2 polar bears come into view.
The black bear bites you but does no damage.
The black bear claws you but does no damage.
The black bear claws you.
The black bear rages.
You hit the quokka.
The quokka is severely wounded.
The polar bear misses you. The polar bear claws you. x2
The black bear closely misses you. The black bear barely misses you.
The black bear claws you.
The quokka bites you but does no damage.
The polar bear bites you!
* * * LOW HITPOINT WARNING * * *
The polar bear claws you.
* * * LOW HITPOINT WARNING * * *
The polar bear claws you.
* * * LOW HITPOINT WARNING * * *
The polar bear bites you.
You die...

#..#####)#.#
##..### ..##
#...#
##...#### .##
......
###....#### ##
.......#
####....#
........#
###.###
##############
#...# #.....#
#.### #.....#
#.#
#..r@h###.#
#..hhh....#
.........#####
####.....#
#.....#
#.....#
#.....#
#######


You could see 2 polar bears, 2 black bears and a quokka.

Vanquished Creatures
  An adder (D:2)
  2 worms (D:2)
  A dart slug (D:1)
  A ball python (D:1)
  3 bats (D:1)
  3 endoplasms (D:1)
  2 giant cockroaches (D:1)
  2 hobgoblins (D:1)
  2 jackals (D:1)
  9 kobolds
  A quokka (D:1)
  5 frilled lizards
  5 goblins
  4 rats
41 creatures vanquished.

Notes
Turn   | Place    | Note
-------+----------+-------------------------------------------
     0 | D:1      | zishaf the Draconian Conjurer began the quest for the Orb.
     0 | D:1      | Reached XP level 1. HP: 14/14 MP: 3/3
   357 | D:1      | Reached skill level 1 in Fighting
   357 | D:1      | Reached XP level 2. HP: 23/23 MP: 3/5
  1135 | D:1      | Reached XP level 3. HP: 23/28 MP: 6/6
  1642 | D:1      | Learned a level 2 spell: Searing Ray
  1716 | D:2      | Found a faded altar of an unknown god.
  1724 | D:2      | Prayed at the altar of an unknown god.
  1724 | D:2      | Became a worshipper of Trog the Wrathful
  1724 | D:2      | Reached * piety under Trog
  1725 | D:2      | Fell from the grace of Trog
  2081 | D:2      | Noticed a polar bear
  2081 | D:2      | Noticed a black bear
  2081 | D:2      | Noticed a black bear
  2081 | D:2      | Noticed a polar bear
  2083 | D:2      | Slain by a polar bear

Illustrated notes

Levels and vault maps discovered:
D:1:      roderic_octagonal_star, layout_basic, hangedman_decor_opposing,
          corexii_corridor_pit, minmay_parallelograms,
          dreamdust_princess_corridor
D:2:      layout_rooms, ebering_ecumenical_altar_mist

Skill      XL: |  1  2  3 |
---------------+----------+-----
Fighting       | 1 2 |  2.5
Dodging        | |  1.7
Stealth        | |  1.7
Spellcasting   | |  2.6
Conjurations   | |  4.4

Action                   || total
-------------------------++-------
Melee: Unarmed           ||    33
       Tailslap          ||     7
       Spear             ||    26
 Cast: Magic Dart        ||    63
       Searing Ray       ||     1
Invok: Renounce Religion ||     1
 Stab: Sleeping          ||     1
Armor: Skin              ||    29
Dodge: Dodged            ||    43

Table legend: (Time is in decaauts)
 A = Elapsed time spent in this place.
 B = Non-inter-level travel time spent in this place.
 C = Inter-level travel time spent in this place.
 D = Time resting spent in this place.
 E = Time spent auto-exploring this place.
 F = Levels seen in this place.
 G = Mean time per level.
                   A        B        C        D        E       F      G
               +--------+--------+--------+--------+--------+-----+--------+
         Total |   2085 |   2041 |     44 |     76 |   1712 |   2 | 1042.5 |
       Dungeon |   2085 |   2041 |     44 |     76 |   1712 |   2 | 1042.5 |
               +--------+--------+--------+--------+--------+-----+--------+

Top non-repeatable levels by time:
     D:1: 1653 daAuts
     D:2: 432 daAuts
